 Dungeon Crawl Stone Soup version 0.20.0-15-g7f486f2 (webtiles) character file.

10891 botchamania the Grappler (level 11, 0/129 HPs)
             Began as a Troll Chaos Knight on June 29, 2017.
             Slain by a fire dragon (13 damage)
             ... on level 2 of the Lair of Beasts.
             The game lasted 00:17:49 (8409 turns).

botchamania the Grappler (Troll Chaos Knight)       Turns: 8409, Time: 00:17:50

Health: 0/129      AC:  7    Str: 22    XL:     11   Next: 42%
Magic:  10/10      EV: 17    Int:  8    God:    Xom [.....*]
Gold:   544        SH: 18    Dex: 21    Spells: 10/10 levels left

rFire    . . .     SeeInvis .     - Unarmed
rCold    + . .     Gourm    +   G - +0 large shield {reflect}
rNeg     . . .     Faith    +   a - +2 robe
rPois    +         Spirit   .   (helmet restricted)
rElec    .         Reflect  +   (no cloak)
rCorr    .         Harm     .   (gloves unavailable)
MR       .....     Clarity  +   (boots unavailable)
Stlth    +++.......             c - amulet of faith (curse)
Regen    0.8/turn               w - ring of poison resistance
MPRegen  0.2/turn               (no ring)

@: agile
A: unfitting armour, claws 3, rugged brown scales 1, thin skeletal structure 1,
agile 1, blink, clarity, cold resistance 1, deformed body, fast metabolism 3,
gourmand, mutation resistance 1, sense surroundings 2, regeneration 1, robust 2,
shaggy fur 1, tough skin 2
a: Blink, Renounce Religion


You were on level 2 of the Lair of Beasts.
You worshipped Xom.
You were Xom's teddy bear.
You were not hungry.

You visited 2 branches of the dungeon, and saw 12 of its levels.

You collected 544 gold pieces.

Inventory:

Hand Weapons
 f - a +1 whip
 h - a +0 rapier
 o - a +2 longbow of chaos
 p - a +0 lajatang
 P - a +0 whip of venom
Missiles
 d - 345 stones (quivered)
 e - 2 throwing nets
 i - 2 large rocks
 x - 31 poisoned needles
Armour
 a - a +2 robe (worn)
 G - a +0 large shield of reflection (worn)
 S - a +0 robe
Jewellery
 c - a cursed amulet of faith (around neck)
 m - an uncursed ring of teleportation
 w - a ring of poison resistance (left claw)
 A - the amulet "Vatuton" {Spirit rF- rN+ Int+4 Dex+3, unknown}
   (Xom gifted it to you on level 6 of the Dungeon)

   [amulet of guardian spirit]

   It causes incoming damage to be split between your health and magic.
   It affects your intelligence (+4).
   It affects your dexterity (+3).
   It makes you vulnerable to fire.
   It protects you from negative energy.
 F - a cursed ring of loudness {unknown}
 H - an uncursed ring of wizardry {unknown}
 N - an uncursed amulet of rage {unknown}
 Q - an uncursed amulet of magic regeneration {unknown}
Wands
 r - a wand of paralysis (9/24)
 t - a wand of polymorph (10/24)
Scrolls
 k - a scroll of enchant armour
 l - 2 scrolls of enchant weapon
 u - a scroll of recharging
 y - 2 scrolls of magic mapping
 z - a scroll of vulnerability
 B - 5 scrolls of fear
 M - 3 scrolls of teleportation
 O - a scroll of remove curse
 R - 2 scrolls of amnesia
Potions
 D - 2 potions of curing
 I - a potion of ambrosia
 L - a potion of agility
Comestibles
 b - 11 bread rations
 g - 4 royal jellies
 j - 7 meat rations
 n - 19 fruits


   Skills:
 - Level 5.8 Fighting
 - Level 5.5 Dodging
 + Level 10.0 Shields
 - Level 10.9 Unarmed Combat


You had 10 spell levels left.
You didn't know any spells.

Dungeon Overview and Level Annotations

Branches:
Dungeon (9/15)             Temple (0/1) D:5            Lair (3/6) D:8
 Spider (0/4) Lair:2
  Swamp: Lair:2-4    Shoals: Lair:2-4       Orc: D:9-12

Altars:
Ashenzari
Cheibriados
Kikubaaqudgha
Okawaru
Qazlal
Uskayaw
Xom

Annotations:
D:6 IjonTichy1's ghost, novice TrMo
D:8 1 runed door, exclusion: door


Innate Abilities, Weirdness & Mutations

You are too large for most types of armour.
You have claws for hands.
Your metabolism is lightning-fast.
You like to eat raw meat.
Your natural rate of healing is unusually fast.
You are covered in fur. (AC +1)
You have very tough skin. (AC +2)
You are partially covered in rugged brown scales. (AC +1, +3% HP)
You have a somewhat thin skeletal structure. (Dex +2, Stealth)
You are agile. (Dex +2)
You can translocate small distances at will.
You possess an exceptional clarity of mind.
Your flesh is cold resistant. (rC+)
Armour fits poorly on your strangely shaped body.
You are somewhat resistant to further mutation.
You passively map the area around you.
You are very robust. (+20% HP)


Message History

* * * LOW HITPOINT WARNING * * *
You block the fire dragon's attack.
You mangle the fire dragon!!
The fire dragon is severely wounded.
The fire dragon bites you!!
* * * LOW HITPOINT WARNING * * *
The fire dragon claws you but does no damage.
You block the fire dragon's attack.
Okay, then.
Unknown command.
You feel better. You block the fire dragon's attack.
The fire dragon completely misses you. The fire dragon tramples you!
* * * LOW HITPOINT WARNING * * *
You stumble backwards!
You mangle the fire dragon!!
The fire dragon is almost dead.
Unknown command.
You feel better. The fire dragon bites you!
You die... "It's all fun and games until someone loses an eye."

......#.S.....*
..D....## #†# * * *
##..# **,##.# #..## .
###..# ##..# ###.#P.#
###D.## ##.....##
#.#..# .#.##...# *#..##
#....###############..#
##.#...#.#.##.#.@D.#..#
.D.............%.....##
.#####.###.#P##.##..##
.# ####P.########## ##
#..# # ##.## ## #...#
P# ##.## .# #..#


You could see a fire dragon.

Vanquished Creatures
  A two-headed ogre (D:7)
  The ghost of Overlord the Basher, a novice MiBe of Trog (D:8)
  Pikel (D:6)
  2 rime drakes
  2 spiny frogs (Lair:1)
  A komodo dragon (Lair:1)
  Prince Ribbit (D:7)
  4 hippogriffs
  8 yaks
  The ghost of manyhoops the Gusty, an amateur TeAE (D:4)
  2 water moccasins
  2 porcupines
  3 sky beasts (D:9)
  3 black bears
  3 ice beasts
  A slave (D:6)
  3 orc warriors
  A necrophage (D:7)
  3 ogres
  7 wolves (Lair:1)
  4 phantoms
  4 centaurs
  3 crocodiles (Lair:1)
  A big kobold (D:9)
  The ghost of Quirk the Slasher, an amateur VSFi (D:3)
  4 bullfrogs
  2 gnoll sergeants
  5 wights (D:8)
  A howler monkey (D:8)
  3 crimson imps
  A centaur zombie (D:5)
  5 hounds
  A bullfrog skeleton (D:5)
  A gnoll shaman (D:6)
  5 orc priests
  16 orc wizards
  2 centaur skeletons
  An iguana (D:6)
  7 worker ants
  A killer bee zombie (D:9)
  10 adders
  27 gnolls
  2 oozes
  2 adder skeletons
  A worm (D:3)
  A dart slug (D:1)
  5 leopard geckos
  36 orcs
  10 giant cockroaches
  8 goblins
  6 hobgoblins
  16 jackals
  2 quokkas
  4 ball pythons
  6 bats
  5 frilled lizards
  6 kobolds
  2 leopard gecko skeletons
  7 rats
  A rat zombie (D:9)
275 creatures vanquished.

Vanquished Creatures (others)
  2 yaks (Lair:2)
  An orc warrior (D:6)
  A gnoll (D:6)
  3 fungi
  A plant (Lair:2)
8 creatures vanquished.

Grand Total: 283 creatures vanquished

Notes
Turn   | Place    | Note
-------+----------+-------------------------------------------
     0 | D:1      | botchamania the Troll Chaos Knight began the quest for the Orb.
     0 | D:1      | Reached XP level 1. HP: 22/22 MP: 0/0
    91 | D:1      | Reached XP level 2. HP: 29/29 MP: 1/1
   365 | D:1      | Reached XP level 3. HP: 36/36 MP: 2/2
   807 | D:3      | XOM: divination: detect items
   815 | D:3      | Reached skill level 5 in Unarmed Combat
   815 | D:3      | Reached XP level 4. HP: 8/44 MP: 3/3
  1146 | D:3      | Noticed Quirk's ghost (amateur VSFi)
  1168 | D:3      | Killed Quirk's ghost
  1168 | D:3      | Reached XP level 5. HP: 38/50 MP: 4/4
  1464 | D:3      | XOM: god gift: rapier {god gift}
  1495 | D:3      | XOM: enchant monster (good)
  1673 | D:4      | Found a hide-covered altar of Uskayaw.
  1824 | D:4      | Found a shattered altar of Ashenzari.
  1832 | D:4      | Reached XP level 6. HP: 56/59 MP: 5/5
  2223 | D:4      | Noticed manyhoops's ghost (amateur TeAE)
  2234 | D:4      | Killed manyhoops's ghost
  2234 | D:4      | Reached XP level 7. HP: 52/66 MP: 6/6
  2245 | D:4      | XOM: cast spell 'Shadow Creatures'
  2569 | D:4      | XOM: noise
  2643 | D:5      | Entered Level 5 of the Dungeon
  2661 | D:5      | XOM: summons 4 friendly demons
  2786 | D:5      | XOM: harmless Hex miscast
  2845 | D:5      | XOM: god gift: bread ration
  2900 | D:5      | XOM: confuse monster(s)
  2902 | D:5      | Reached XP level 8. HP: 51/74 MP: 7/7
  2906 | D:5      | XOM: give mutations
  2906 | D:5      | Gained mutation: You have large cloven feet. [Xom's grace]
  2906 | D:5      | Gained mutation: You passively map a small area around you. [Xom's grace]
  2906 | D:5      | Gained mutation: You possess an exceptional clarity of mind. [Xom's grace]
  2906 | D:5      | Gained mutation: You are robust. (+10% HP) [Xom's grace]
  2920 | D:5      | Reached skill level 10 in Unarmed Combat
  2922 | D:5      | XOM: confuse monster(s)
  3027 | D:5      | XOM: silly message
  3068 | D:5      | Found a snail-covered altar of Cheibriados.
  3095 | D:5      | XOM: polymorph gnoll -> giant cockroach
  3147 | D:5      | XOM: god gift: scroll of recharging
  3187 | D:5      | Found a staircase to the Ecumenical Temple.
  3188 | D:5      | XOM: cast spell 'Statue Form'
  3511 | D:6      | XOM: scenery: create altars
  3570 | D:6      | XOM: god gift: 2 large rocks
  3578 | D:6      | XOM: destruction
  3619 | D:5      | XOM: give mutations
  3619 | D:5      | Gained mutation: You passively map the area around you. [Xom's grace]
  3619 | D:5      | Gained mutation: You evolve. [Xom's grace]
  3619 | D:5      | Gained mutation: Your mind is acute. (Int +2) [Xom's grace]
  3633 | D:5      | XOM: polymorph howler monkey -> hound
  3653 | D:5      | XOM: scenery: create altars
  3726 | D:5      | XOM: give mutations
  3726 | D:5      | Gained mutation: You can translocate small distances at will. [Xom's grace]
  3726 | D:5      | Gained mutation: You are very robust. (+20% HP) [Xom's grace]
  3726 | D:5      | Gained mutation: You are extremely robust. (+30% HP) [Xom's grace]
  3726 | D:5      | Gained mutation: You are partially covered in yellow scales. (AC +2) [Xom's grace]
  3731 | D:5      | XOM: god gift: glowing longbow {god gift}
  3771 | D:6      | Noticed IjonTichy1's ghost (novice TrMo)
  3905 | D:5      | XOM: give mutations
  3905 | D:5      | Gained mutation: You are agile. (Dex +2) [Xom's grace]
  3905 | D:5      | Gained mutation: You have a pair of small antennae on your head. [Xom's grace]
  3950 | D:6      | XOM: god gift: scroll labeled MYM NARPHO CUGG {god gift}
  4080 | D:6      | Noticed Pikel
  4095 | D:6      | Killed Pikel
  4095 | D:6      | Reached XP level 9. HP: 86/110 MP: 8/8
  4161 | D:6      | XOM: god gift: shimmering iron amulet {god gift}
  4162 | D:6      | Got a shimmering iron amulet {god gift}
  4270 | D:6      | XOM: give mutations
  4270 | D:6      | Lost mutation: Your mind is acute. (Int +2) [Xom's mischief]
  4270 | D:6      | Gained mutation: Armour fits poorly on your strangely shaped body. [Xom's mischief]
  4270 | D:6      | Lost mutation: You are agile. (Dex +2) [Xom's mischief]
  4270 | D:6      | Lost mutation: You evolve. [Xom's mischief]
  4400 | D:7      | XOM: enchant monster (bad)
  4402 | D:7      | Noticed a two-headed ogre
  4405 | D:7      | Reached skill level 5 in Fighting
  4411 | D:7      | Killed a two-headed ogre
  4411 | D:7      | Reached skill level 5 in Dodging
  4555 | D:7      | Reached skill level 1 in Shields
  4636 | D:7      | Noticed Prince Ribbit
  4647 | D:7      | XOM: confuse monster(s)
  4657 | D:7      | Killed Prince Ribbit
  4959 | D:7      | XOM: medium Chrm miscast
  5038 | D:7      | Reached XP level 10. HP: 127/127 MP: 9/9
  5113 | D:8      | Found a staircase to the Lair.
  5403 | D:8      | XOM: confuse monster(s)
  5602 | D:8      | XOM: summons friendly shadow imp
  5826 | D:8      | XOM: god gift: 46 gold pieces
  5836 | D:8      | XOM: give mutations
  5836 | D:8      | Gained mutation: You are agile. (Dex +2) [Xom's grace]
  5836 | D:8      | Gained mutation: Your flesh is cold resistant. (rC+) [Xom's grace]
  5836 | D:8      | Gained mutation: You are somewhat resistant to further mutation. [Xom's grace]
  5836 | D:8      | Gained mutation: You are partially covered in rugged brown scales. (AC +1, +3% HP) [Xom's grace]
  5858 | D:8      | Noticed Overlord's ghost (novice MiBe)
  5858 | D:8      | XOM: enchant monster (good)
  5876 | D:8      | XOM: summons 2 friendly demons
  5878 | D:8      | Killed Overlord's ghost
  5878 | D:8      | Reached skill level 5 in Shields
  5931 | D:8      | Found a stormy altar of Qazlal.
  5941 | D:8      | Found an iron altar of Okawaru.
  6019 | D:8      | Found a runed door.
  6019 | D:8      | Noticed a deep elf archer
  6019 | D:8      | Noticed a fire crab
  6019 | D:8      | Noticed a centaur warrior
  6021 | D:8      | Noticed a centaur warrior
  6021 | D:8      | Noticed a wolf spider
  6021 | D:8      | Noticed a frost giant
  6130 | D:9      | XOM: polymorph ogre -> big kobold
  6137 | D:9      | XOM: cleaving
  6141 | D:9      | XOM: potion effect (heal wounds)
  6160 | D:9      | XOM: silly message
  6290 | D:9      | Found an ancient bone altar of Kikubaaqudgha.
  6552 | D:9      | XOM: noise
  6659 | D:9      | XOM: cloud trail
  6843 | Lair:1   | Entered Level 1 of the Lair of Beasts
  6882 | Lair:1   | XOM: enchant monster (bad)
  6890 | Lair:1   | XOM: confuse monster(s)
  6891 | Lair:1   | XOM: potion effect (brilliance)
  6903 | Lair:1   | XOM: potion effect (curing)
  6912 | Lair:1   | XOM: enchant monster (good)
  6976 | Lair:1   | Reached XP level 11. HP: 108/139 MP: 10/10
  7474 | Lair:1   | XOM: cast spell 'Leda's Liquefaction'
  7483 | Lair:1   | XOM: summons friendly white imp
  7492 | Lair:1   | XOM: god gift: robe {god gift}
  7550 | Lair:1   | XOM: harmless Summ miscast
  7810 | Lair:2   | XOM: mild Erth miscast
  7820 | Lair:2   | Found a hole to the Spider Nest.
  7851 | Lair:2   | XOM: fake destruction
  7852 | Lair:2   | XOM: destruction
  7857 | Lair:2   | XOM: cast spell 'Disjunction'
  7894 | Lair:2   | XOM: give mutation
  7894 | Lair:2   | Gained mutation: You have a somewhat thin skeletal structure. (Dex +2, Stealth) [Xom's grace]
  7909 | Lair:2   | Noticed a five-headed hydra
  7920 | Lair:2   | XOM: scenery: create altars
  8084 | Lair:3   | Reached skill level 10 in Shields
  8112 | Lair:1   | XOM: god gift: 45 gold pieces
  8152 | D:7      | XOM: divination: detect items
  8391 | Lair:2   | Noticed a fire dragon
  8391 | Lair:2   | a nine-headed hydra changed into a fire dragon
  8391 | Lair:2   | XOM: polymorph nine-headed hydra -> fire dragon
  8395 | Lair:2   | XOM: god gift: meat ration
  8396 | Lair:2   | Lost mutation: You are partially covered in yellow scales. (AC +2) [potion of mutation]
  8396 | Lair:2   | Lost mutation: You have large cloven feet. [potion of mutation]
  8396 | Lair:2   | Lost mutation: You have a pair of small antennae on your head. [potion of mutation]
  8396 | Lair:2   | Lost mutation: You are extremely robust. (+30% HP) [potion of mutation]
  8406 | Lair:2   | HP: 1/129 [fire dragon (18)]
  8409 | Lair:2   | Slain by a fire dragon

Skill      XL: |  1  2  3  4  5  6  7  8  9 10 11 |
---------------+----------------------------------+-----
Unarmed Combat | 4 5 6 8 9 10 | 10.9
Dodging        | 4 5 |  5.5
Fighting       | 4 5 |  5.8
Shields        | 3 8 10 | 10.0

Action                   |  1- 3 |  4- 6 |  7- 9 | 10-12 || total
-------------------------+-------+-------+-------+-------++-------
Melee: Unarmed           |    86 |   111 |   287 |   415 ||   899
       Punch             |       |     2 |    10 |       ||    12
       Kick              |       |       |    48 |   125 ||   173
Evoke: Wand              |       |       |       |     1 ||     1
  Use: Scroll            |     5 |     3 |     3 |     9 ||    20
       Potion            |     2 |     2 |     2 |     6 ||    12
 Stab: Confused          |       |       |       |     1 ||     1
       Paralysed         |       |       |       |     1 ||     1
  Eat: Chunk             |    12 |    14 |    26 |    26 ||    78
Armor: Robe              |    42 |    29 |    77 |    91 ||   239
       Skin              |       |       |     4 |       ||     4
Dodge: Dodged            |    51 |    36 |   111 |    97 ||   295
Block: Large shield      |       |       |    20 |   269 ||   289
       Reflection        |       |       |       |     2 ||     2
